 Dungeon Crawl Stone Soup version 0.28-a0-653-g7e9dba17c3 (webtiles) character file.

Game seed: 11697708132902874172

10365 Johnny the Fighter (level 11, -9/148 HPs)
             Began as a Red Draconian Ice Elementalist on Oct 12, 2021.
             Was a Follower of Sif Muna.
             Mangled by a minotaur (22 damage)
             ... in a Gauntlet.
             The game lasted 00:14:53 (14030 turns).

Johnny the Fighter (DrIE)                          Turns: 14030, Time: 00:14:53

Health: -9/148     AC: 44    Str: 12    XL:     11   Next: 35%
Magic:  9/23       EV:  2    Int: 18    God:    Sif Muna [*.....]
Gold:   499        SH:  6    Dex: 11    Spells: 16/27 levels left

rFire   . . .      SeeInvis .   L - +0 trident (protect)
rCold   . . .      Faith    .   g - +0 buckler
rNeg    . . .      Spirit   .   (armour unavailable)
rPois   +          Reflect  .   (helmet currently unavailable)
rElec   .          Harm     .   (cloak currently unavailable)
rCorr   .          Rampage  .   (gloves currently unavailable)
Will    .....      Clarity  +   (boots currently unavailable) Stlth ++........NoTele +
                                (no amulet)
HPRegen 0.34/turn               m - +4 ring of evasion
MPRegen 0.18/turn               y - +4 ring of protection

@: ice-armoured, tree-form, under a protective aura, freezing walls
A: stationary, stasis, torment immunity, boosted hp, (breathe fire), AC +7,
unfitting armour, (fire resistance 1), (cold-blooded), clarity
a: Renounce Religion, Channel Magic


You were in a Gauntlet.
You worshipped Sif Muna.
Sif Muna was aware of your devotion.
You were a tree.
You visited 2 branches of the dungeon, and saw 12 of its levels.
You also visited: Ossuary and Gauntlet.

You collected 579 gold pieces.
You spent 80 gold pieces at shops.

Inventory:

Hand Weapons
 k - a +1 vampiric hand axe
 q - a +1 short sword of electrocution
 v - the +6 arbalest of Kageh {venom, +Blink rElec rC++ Int-5}
   (You found it on level 4 of the Dungeon)

   Any ammunition fired from it poisons the flesh of those it strikes.
   Int:       It affects your intelligence (-5).
   rC:        It greatly protects you from cold.
   rElec:     It insulates you from electricity.
   +Blink:    It lets you blink.
 L - a +0 trident of protection (weapon)
Missiles
 J - 2 throwing nets
Armour
 g - a +0 buckler (worn)
 S - a +1 cloak of preservation
 T - the +1 cloak "Vecoig" (melded) {rPois}
   (You found it in a Gauntlet)

   rPois:     It protects you from poison.
Jewellery
 h - the ring "Kakkiewu" {+Blink rN+ MP+9 Str-3 Dex+3}
   (You acquired it on level 6 of the Dungeon)

   [ring of magical power]

   Str:       It affects your strength (-3).
   Dex:       It affects your dexterity (+3).
   rN:        It protects you from negative energy.
   MP:        It affects your magic capacity (+9).
   +Blink:    It lets you blink.
 m - a +4 ring of evasion (left branch)
 y - a +4 ring of protection (right branch)
 I - a +6 ring of dexterity
 K - a ring of wizardry
 N - a ring of resist corrosion
 Q - the ring of Zoqeas {Dex+6 Slay+6}
   (You found it on level 10 of the Dungeon)

   [ring of dexterity]

   Dex:       It affects your dexterity (+6).
   Slay:      It affects your accuracy & damage with ranged weapons and melee
   (+6).
 U - the amulet "Roaghech" {Spirit rF+}
   (You found it in a Gauntlet)

   [amulet of guardian spirit]

   It causes incoming damage to be divided between your reserves of health and
   magic.
   rF:        It protects you from fire.
 V - a ring of fire
Wands
 n - a wand of charming (2)
 r - a wand of mindburst (2)
 O - a wand of flame (6)
 R - a wand of polymorph (11)
Scrolls
 a - 3 scrolls of amnesia
 i - 3 scrolls of vulnerability
 j - 3 scrolls of fog
 t - 2 scrolls of noise
 w - a scroll of blinking
 x - 2 scrolls of teleportation
 A - 6 scrolls of magic mapping
 B - a scroll of torment
 C - 2 scrolls of enchant armour
 F - 2 scrolls of enchant weapon {unknown}
 M - a scroll of fear {unknown}
Potions
 b - 3 potions of lignification
 d - a potion of cancellation
 e - 3 potions of brilliance
 f - 4 potions of mutation
 l - a potion of might {unknown}
 o - a potion of resistance {unknown}
 p - 2 potions of invisibility {unknown}
 s - 2 potions of berserk rage {unknown}
 u - a potion of curing
 z - 3 potions of flight {unknown}
 D - 4 potions of haste {unknown}
 E - 3 potions of magic {unknown}
 G - a potion of degeneration {unknown}


   Skills:
 + Level 9.9 Fighting
 - Level 1.7 Dodging
 - Level 1.7 Stealth
 + Level 8.8 Shields
 + Level 8.6 Spellcasting
 + Level 8.4 Ice Magic


You had 16 spell levels left.
You knew the following spells:

 Your Spells              Type           Power      Damage    Failure   Level
a - Freeze                Ice            100%       1d11      1%          1
b - Frozen Ramparts       Ice            76%        1d9       1%          3
c - Ozocubu's Armour      Ice            38%        N/A       1%          3
f - Hailstorm             Conj/Ice       22%        3d7       16%         4

Your spell library contained the following spells:

 Spells                   Type           Power      Damage    Failure   Level
 Magic Dart               Conj           28%        1d4       10%         1
 Searing Ray              Conj           14%        2d5       14%         2
 Dazzling Flash           Conj/Hex       14%        N/A       28%         3
 Stone Arrow              Conj/Erth      14%        3d7       28%         3
 Fulminant Prism          Conj/Hex       3%         3d6       67%         4
 Agony                    Necr           7%         N/A       95%         5
 Irradiate                Conj/Tmut      3%         3d14      95%         5
 Silence                  Hex/Air        3%         N/A       95%         5
 Summon Forest            Summ/Tloc      3%         N/A       95%         5
 Summon Mana Viper        Hex/Summ       7%         N/A       95%         5
 Summon Cactus Giant      Summ           3%         N/A       100%        6
 Dragon Form              Tmut           3%         N/A       100%        7
 Lehudib's Crystal Spear  Conj/Erth      3%         10d3      100%        8
 Animate Armour           Summ/Erth      Unusable   N/A       N/A         4

Dungeon Overview and Level Annotations

Branches:
Dungeon (11/15)            Temple (1/1) D:5            Lair (0/6) D:11
    Orc (0/2) D:9         Ossuary (visited)         Gauntlet (1/1)

Altars:
Ashenzari
Cheibriados
Dithmenos
Elyvilon
Fedhas
Gozag
Hepliaklqana
Kikubaaqudgha
Makhleb
Nemelex Xobeh
Okawaru
Qazlal
Ru
Sif Muna
Trog
Uskayaw
Vehumet
Wu Jian
Xom
Yredelemnul
Zin
The Shining One

Shops:
D:6 [![   D:10 [

Annotations:
D:3 3 runed translucent doors, tabo's ghost, amateur HOMo
D:8 exclusion: 3 oklob plants Gauntlet 6 transporters, exclusion: 4 lightning spires


Innate Abilities, Weirdness & Mutations

You are a tree.
Your roots penetrate the ground, keeping you stationary.
You cannot be teleported.
You are immune to unholy pain and torment.
Your maximum health is greatly increased.
Your equipment is partially melded.
((You can breathe blasts of fire.))
((Your fiery red scales are hard. (AC +7)))
You cannot fit into any form of body armour.
((Your flesh is heat resistant. (rF+)))
((You are cold-blooded and may be slowed by cold attacks.))
You possess an exceptional clarity of mind.


Message History

Your thoughts seem clearer.
It was a potion of brilliance.
You feel clever all of a sudden.
Casting: Frozen Ramparts (safe; 1% risk of failure)
Confirm with . or Enter, or press ? or * to list all spells.
You feel a surge of power! A film of ice covers your body!
It was a potion of cancellation.
Your magical effects are unravelling.
You feel magically purged.
Your magical contamination has completely faded away.
Your icy armour evaporates.
You feel a little less clever now.
It was a potion of lignification.
You turn into a tree.
The +1 cloak "Vecoig" {rPois} melds into your body.
Your roots penetrate the ground.
Okay, then.
Casting: Ozocubu's Armour (safe; 1% risk of failure)
Confirm with . or Enter, or press ? or * to list all spells.
A film of ice covers your body!
Casting: Ozocubu's Armour (safe; 1% risk of failure)
Confirm with . or Enter, or press ? or * to list all spells.
Okay, then.
Casting: Ozocubu's Armour (safe; 1% risk of failure)
Confirm with . or Enter, or press ? or * to list all spells.
Casting: Frozen Ramparts (safe; 1% risk of failure)
Press: ? - help, Dir - look around, f - activate The walls around you are covered in ice.
The wall freezes the minotaur.
The minotaur hits you with a +3 glaive of venom!
* * * LOW HITPOINT WARNING * * *
You block the minotaur's attack.
You hit the minotaur but do no damage.
Your weapon exudes an aura of protection.
The minotaur is heavily wounded.
The wall freezes the minotaur!
The minotaur hits you with a +3 glaive of venom!
* * * LOW HITPOINT WARNING * * *
You block the minotaur's attack.
You feel better.
The wall freezes the minotaur!
The minotaur hits you with a +3 glaive of venom!!
You die...

#8.8# ## #[.=####
#8.#8.8#.8### # ...#...#....#
#.#..#8H8#..#.#
#.#..##'##..#.#
#.............#
#.#.##.#.##H#.# #.♣..#....#.#
.#H#######.#.##
#........§.H....#
#...............#
######......#####
###########.©..©.#########
##≈#≈#≈#§#≈########≈#≈#§#§##
##.....................§..§.≈
#≈..............∩...........#


You could see a minotaur.

Vanquished Creatures
  Erica (D:10)
  2 two-headed ogres
  Sonja (D:10)
  A fire crab (Gauntlet)
  A manticore (D:7)
  A worldbinder (Gauntlet)
  Maurice (D:10)
  A troll (D:10)
  Prince Ribbit (D:5)
  A raiju (Gauntlet)
  4 fire bats (Gauntlet)
  Sigmund (D:6)
  8 yaks
  A vampire (D:10)
  Menkaure (Ossuary)
  2 acid dragons
  2 water moccasins
  2 orc warriors
  A sky beast (D:7)
  A black bear (D:6)
  An ice beast (D:6)
  2 necrophages
  A centaur (D:9)
  3 boggarts (Gauntlet)
  2 ogres (D:5)
  A kobold brigand (D:8)
  A bullfrog (D:8)
  A wyvern zombie (D:6)
  2 gnoll sergeants
  3 scorpions
  A water moccasin skeleton (D:4)
  5 killer bees (D:9)
  5 howler monkeys
  2 jellies
  3 centaur zombies
  A hound (D:5)
  2 orc priests
  3 gnoll shamans
  A centaur skeleton (D:4)
  4 iguanas
  Natasha (twice) (D:3)
  6 orc wizards
  A hound skeleton (D:4)
  3 mummies (Ossuary)
  A howler monkey zombie (D:9)
  A howler monkey skeleton (D:4)
  6 adders
  19 gnolls
  A white imp (D:6)
  4 dart slugs
  24 orcs
  6 bats
  10 endoplasms
  2 giant cockroaches
  5 goblins
  7 hobgoblins
  6 jackals
  17 kobolds
  6 quokkas
  6 ball pythons
  3 frilled lizards (D:1)
  5 gnoll skeletons (Ossuary)
  7 gnoll zombies (Ossuary)
  5 goblin skeletons (Ossuary)
  6 goblin zombies (Ossuary)
  2 hobgoblin skeletons (Ossuary)
  2 hobgoblin zombies (Ossuary)
  3 kobold skeletons (Ossuary)
  2 kobold zombies (Ossuary)
  5 orc skeletons (Ossuary)
  2 orc zombies (Ossuary)
  10 rats
  5 rat skeletons (Ossuary)
  6 rat zombies (Ossuary)
274 creatures vanquished.

Vanquished Creatures (collateral kills)
  A floating eye (D:8)
1 creature vanquished.

Vanquished Creatures (others)
  6 plants (D:6)
6 creatures vanquished.

Grand Total: 281 creatures vanquished

Notes
Turn   | Place    | Note
-------+----------+-------------------------------------------
     0 | D:1      | Johnny the Draconian Ice Elementalist began the quest for
                  | the Orb.
     0 | D:1      | Reached XP level 1. HP: 14/14 MP: 3/3
   296 | D:1      | Reached XP level 2. HP: 19/22 MP: 1/5
   361 | D:1      | Reached skill level 1 in Fighting
   412 | D:1      | Found a faded altar of an unknown god.
   708 | D:1      | Reached XP level 3. HP: 25/28 MP: 2/6
   788 | D:1      | Learned a level 3 spell: Frozen Ramparts
   792 | D:1      | Learned a level 3 spell: Ozocubu's Armour
  2075 | D:2      | You fall into a shaft and drop 1 floor!
  2099 | D:3      | Reached skill level 2 in Fighting
  2127 | D:3      | Found an ancient bone altar of Kikubaaqudgha.
  2214 | D:3      | Reached XP level 4. HP: 33/36 MP: 8/8
  2895 | D:3      | Found a basalt altar of Yredelemnul.
  3099 | D:3      | Noticed Natasha
  3107 | D:3      | Killed Natasha
  3108 | D:3      | Reached skill level 1 in Shields
  3261 | D:3      | Found a runed translucent gate.
  3261 | D:3      | Found a runed translucent gate.
  3261 | D:3      | Found a runed translucent gate.
  3262 | D:3      | Noticed tabo's ghost (amateur HOMo)
  3624 | D:3      | Noticed Natasha
  3632 | D:3      | Killed Natasha
  3633 | D:3      | Reached XP level 5. HP: 39/42 MP: 5/9
  3669 | D:3      | Found a sparkling altar of Nemelex Xobeh.
  3669 | D:3      | Found an iron altar of Okawaru.
  3866 | D:4      | Reached skill level 5 in Ice Magic
  3965 | D:4      | Noticed a necrophage
  3972 | D:4      | Killed a necrophage
  3973 | D:4      | Reached skill level 3 in Fighting
  3973 | D:4      | Reached XP level 6. HP: 37/51 MP: 11/11
  4067 | D:4      | Identified the +2 robe of Generosity {-Tele Harm rN++
                  | Stlth+}
  4160 | D:4      | Identified the +6 arbalest of Kageh {venom, +Blink rElec
                  | rC++ Int-5}
  4846 | D:5      | Entered Level 5 of the Dungeon
  4853 | D:5      | Your scales start taking on a fiery red colour.
  4853 | D:5      | Reached XP level 7. HP: 41/58 MP: 7/13
  4853 | D:5      | Gained mutation: Your flesh is heat resistant. (rF+) [Red
                  | Draconian growth]
  4966 | D:5      | Reached skill level 4 in Fighting
  5095 | D:5      | Found a sand-covered staircase.
  5099 | Ossuary  | Entered an ossuary
  5623 | Ossuary  | Noticed Menkaure
  5634 | Ossuary  | Killed Menkaure
  5635 | Ossuary  | Reached skill level 5 in Ice Magic
  5949 | D:5      | Reached XP level 8. HP: 51/67 MP: 11/15
  6174 | D:5      | Reached skill level 5 in Fighting
  6430 | D:5      | Noticed Prince Ribbit
  6439 | D:5      | Killed Prince Ribbit
  6440 | D:5      | Reached skill level 5 in Spellcasting
  6581 | D:5      | Found a staircase to the Ecumenical Temple.
  6791 | D:6      | Learned a level 4 spell: Hailstorm
  7083 | D:6      | Found Ritiryga's Distillery.
  7088 | D:6      | Found Hosiethri's Antique Armour Shoppe.
  7327 | D:6      | Bought a potion of heal wounds for 50 gold pieces
  7327 | D:6      | Bought a potion of curing for 30 gold pieces
  7373 | D:6      | Reached skill level 5 in Shields
  7384 | D:6      | Reached skill level 6 in Fighting
  7485 | D:6      | Found a sacrificial altar of Ru.
  7488 | D:6      | Found a broken altar of Ashenzari.
  7494 | D:6      | Found an opulent altar of Gozag.
  7494 | D:6      | Noticed Sigmund
  7505 | D:6      | Killed Sigmund
  7557 | D:6      | Reached XP level 9. HP: 54/75 MP: 13/17
  7919 | D:6      | Found Diohidgh's Armour Emporium.
  7944 | D:6      | Identified a scroll of acquirement
  7950 | D:6      | Acquired the ring "Kakkiewu" {+Blink rN+ MP+9 Str-3 Dex+3}
  8022 | D:7      | Noticed a manticore
  8037 | D:7      | Killed a manticore
  8481 | D:7      | Reached skill level 7 in Fighting
  9266 | D:7      | Found a burning altar of Makhleb.
  9408 | Temple   | Entered the Ecumenical Temple
  9715 | D:8      | Found a shimmering blue altar of Sif Muna.
  9748 | D:8      | Became a worshipper of Sif Muna the Loreminder
  9752 | D:8      | Reached XP level 10. HP: 85/88 MP: 17/20
  9784 | D:8      | Noticed a two-headed ogre
  9793 | D:8      | Killed a two-headed ogre
  9794 | D:8      | Reached skill level 8 in Fighting
  9856 | D:8      | Noticed an oklob plant
  9861 | D:8      | Noticed an oklob plant
 10159 | D:8      | Got Egaracoa's Handbook of Floating Transmigration
 10600 | D:8      | Noticed an oklob plant
 11050 | D:9      | Found a staircase to the Orcish Mines.
 11684 | D:9      | Found a stormy altar of Qazlal.
 11895 | D:10     | Entered Level 10 of the Dungeon
 12212 | D:10     | Found a glowing golden altar of the Shining One.
 12319 | D:10     | Noticed Maurice
 12329 | D:10     | Killed Maurice
 12335 | D:10     | Reached skill level 9 in Fighting
 12459 | D:10     | Found a hazy altar of Hepliaklqana.
 12462 | D:10     | Noticed Erica
 12478 | D:10     | Killed Erica
 12765 | D:10     | Reached * piety under Sif Muna
 12803 | D:10     | Identified the ring of Zoqeas {Dex+6 Slay+6}
 12925 | D:10     | Noticed Sonja
 12950 | D:10     | Killed Sonja
 12951 | D:10     | Reached XP level 11. HP: 28/97 MP: 12/23
 13354 | D:10     | Found Daffuvad's Armour Shop.
 13426 | D:11     | Found a gate leading to a gauntlet.
 13426 | D:11     | Noticed a two-headed ogre
 13434 | D:11     | Killed a two-headed ogre
 13438 | Gauntlet | Entered a Gauntlet
 13438 | Gauntlet | Found a transporter.
 13438 | Gauntlet | Found a transporter.
 13438 | Gauntlet | Found a runed translucent gate.
 13536 | Gauntlet | Found a transporter.
 13537 | Gauntlet | Found a transporter.
 13538 | Gauntlet | Found a transporter.
 13538 | Gauntlet | Found a runed translucent gate.
 13539 | Gauntlet | Found a runed translucent gate.
 13540 | Gauntlet | Found a transporter.
 13542 | Gauntlet | Noticed a fire crab
 13544 | Gauntlet | Noticed a necromancer
 13546 | Gauntlet | Found a transporter.
 13549 | Gauntlet | Found a transporter.
 13551 | Gauntlet | Found a transporter.
 13551 | Gauntlet | Found a transporter.
 13560 | Gauntlet | Found a transporter.
 13560 | Gauntlet | Found a transporter.
 13723 | Gauntlet | Noticed an orb spider
 13723 | Gauntlet | Noticed a wolf spider
 13728 | Gauntlet | Noticed a wolf spider
 13792 | Gauntlet | Killed a fire crab
 13804 | Gauntlet | Identified the +1 cloak "Vecoig" {rPois}
 13896 | Gauntlet | Identified the amulet "Roaghech" {Spirit rF+}
 13995 | Gauntlet | Identified the +2 plate armour "Daufosose" {+Blink rPois
                  | Str-2 Int+5}
 13995 | Gauntlet | Identified the ring "Sungyoho" {Str+6 Int+6}
 13995 | Gauntlet | Noticed a minotaur
 14022 | Gauntlet | Gained mutation: You possess an exceptional clarity of
                  | mind. [potion of mutation]
 14029 | Gauntlet | HP: 6/148 [minotaur (11)]
 14030 | Gauntlet | Mangled by a minotaur

Illustrated notes

Levels and vault maps discovered:
D:1:      ebering_trefoil_twist, layout_basic, ebering_ecumenical_altar_mist,
          minmay_split_cup_small
D:2:      layout_loops_corners
D:3:      layout_loops_ring, yredelemnul_altar_generic,
          nicolae_kikubaaqudgha_miasma_corner, amethyst_overflow_temple_binary,
          ebering_ghost_rock_garden, uniq_natasha
D:4:      layout_loops_ring, minmay_between
D:5:      layout_gridville, minmay_temple_entry_enclosed_plants,
          enter_ossuary_5, uniq_prince_ribbit1
D:6:      layout_basic, grunt_temple_overflow_diamond, serial_shops,
          kennysheep_little_box, kennysheep_mini_moat,
          nicolae_shop_overgrown_old_shop, uniq_sigmund
D:7:      layout_basic, lightli_temple_of_fire
D:8:      layout_rooms, overflow_temple_1_default, disabler_island
D:9:      layout_long_grid, nicolae_qazlal_scattered_showers, orc_0_dummy
D:10:     layout_loops_ring, lemuel_tele_altar,
          mainiacjoe_overflow_six_doors_small, serial_shops,
          nicolae_shop_statue_plus, uniq_maurice, uniq_erica, uniq_sonja
D:11:     layout_roguey, dpeg_oklobed_lair, serial_shops, nicolae_diamond_shop,
          gauntlet_entry_generic, uniq_fannar
Temple:   cyrus_temple_forest
Gauntlet: minmay_gauntlet_mixed_big_or_small [gammafunk_gauntlet_arena_split_x,
          minmay_gauntlet_arena_77_run_for_it, nicolae_gauntlet_arena_t_cross,
          minmay_gauntlet_arena_77_chump_sandwich,
          nicolae_gauntlet_arena_blocks,
          minmay_gauntlet_arena_77_tiled_triplets,
          nicolae_gauntlet_exit_dead_adventurers]

Skill      XL: |  1  2  3  4  5  6  7  8  9 10 |
---------------+-------------------------------+-----
Fighting       | 1 2 3 4 6 7 9 |  9.9
Spellcasting   | 3 4 5 6 8 |  8.6
Shields        | 1 2 4 5 6 8 |  8.8
Ice Magic      | 5 4 5 6 7 8 |  8.4
Dodging        | |  1.7
Stealth        | |  1.7

Action                   |  1- 3 |  4- 6 |  7- 9 | 10-12 || total
-------------------------+-------+-------+-------+-------++-------
Melee: Unarmed           |    35 |       |       |       ||    35
       Tailslap          |     9 |    14 |    45 |    15 ||    83
       Short sword       |    61 |    97 |   309 |    87 ||   554
       Hand axe          |    18 |    51 |       |       ||    69
       Trident           |       |       |       |     1 ||     1
 Cast: Freeze            |    28 |    16 |    33 |    35 ||   112
       Frozen Ramparts   |       |     2 |    16 |    22 ||    40
       Ozocubu's Armour  |       |     1 |     6 |    14 ||    21
       Hailstorm         |       |       |     1 |    13 ||    14
Invok: Channel Magic     |       |       |       |     2 ||     2
 Abil: Breathe Fire      |       |       |     6 |     4 ||    10
Evoke: Wand              |       |       |    12 |    14 ||    26
  Use: Scroll            |       |       |     9 |     6 ||    15
       Potion            |       |       |     1 |    11 ||    12
 Stab: Sleeping          |     5 |     7 |     1 |     1 ||    14
Armor: Skin              |    47 |    52 |    71 |    58 ||   228
Dodge: Dodged            |   113 |   109 |   224 |   118 ||   564
Block: Buckler           |       |     9 |    68 |    42 ||   119

Table legend: (Time is in decaauts)
 A = Elapsed time spent in this place.
 B = Non-inter-level travel time spent in this place.
 C = Inter-level travel time spent in this place.
 D = Time resting spent in this place.
 E = Time spent auto-exploring this place.
 F = Levels seen in this place.
 G = Mean time per level.
                   A        B        C        D        E       F      G
               +--------+--------+--------+--------+--------+-----+--------+
         Total |  14155 |  13834 |    321 |   1722 |   9826 |  14 | 1011.1 |
       Dungeon |  12662 |  12380 |    282 |   1211 |   9374 |  11 | 1151.1 |
        Temple |     83 |     44 |     39 |      0 |     37 |   1 |   83.0 |
       Ossuary |    818 |    818 |      0 |    363 |    166 |   1 |  818.0 |
      Gauntlet |    591 |    591 |      0 |    148 |    249 |   1 |  591.0 |
               +--------+--------+--------+--------+--------+-----+--------+

Top non-repeatable levels by time:
     D:1: 1696 daAuts
    D:10: 1554 daAuts
     D:7: 1429 daAuts
     D:8: 1360 daAuts
     D:6: 1305 daAuts
     D:3: 1099 daAuts
     D:5: 1093 daAuts
     D:4: 1066 daAuts
     D:2: 1019 daAuts
     D:9: 997 daAuts
 Ossuary: 818 daAuts
Gauntlet: 591 daAuts
  Temple: 83 daAuts
    D:11: 39 daAuts
